 Dungeon Crawl Stone Soup version 0.27.1-34-g3ba077fa99 (webtiles) character file.

Game seed: 16621919983307006665

233 miilacz the Shooter (level 5, 0/35 (45) HPs)
             Began as a Minotaur Hunter on Jan 17, 2022.
             Was a Believer of Ashenzari.
             Slain by Eustachio (1 damage)
             ... on level 4 of the Dungeon.
             The game lasted 00:11:42 (2991 turns).

miilacz the Shooter (Minotaur Hunter)               Turns: 2991, Time: 00:11:44

HP:   0/35 (45)     AC:  3    Str: 16    XL:     5   Next: 74%
MP:   4/4           EV: 12    Int:  8    God:    Ashenzari [**....]
Gold: 244           SH:  0    Dex: 12    Spells: 4/4 levels left

rFire    . . .     SeeInvis +   a - +1 shortbow of the Ensconced Moon {Bglg, Comp} (curse)
rCold    . . .     Faith    .   (shield currently unavailable)
rNeg     . . .     Spirit   .   c - +0 leather armour "Restrained Portent" {Melee, Fort} (curse)
rPois    .         Reflect  .   (helmet restricted)
rElec    .         Harm     .   (no cloak)
rCorr    .         Rampage  .   (no gloves)
Will     .....                  (no boots)
Stlth    ..........             (no amulet)
HPRegen  0.11/turn              (no ring)
MPRegen  0.09/turn              (no ring)

@: silenced, heavily drained
A: horns 2, retaliatory headbutt
a: Renounce Religion, Curse Item, Shatter the Chains


You were on level 4 of the Dungeon.
You worshipped Ashenzari.
Ashenzari was pleased with you.
You visited 1 branch of the dungeon, and saw 4 of its levels.

You collected 244 gold pieces.

Inventory:

Hand Weapons
 a - the cursed +1 shortbow of the Ensconced Moon (weapon) {Bglg, Comp}

   It has a curse which improves the following skills: Beguiling: Conjurations,
   Hexes and Translocations.
   Companions: Summonings and Necromancy.
 b - a +0 short sword
Missiles
 d - 26 arrows (quivered ammo)
 f - 34 bolts
 g - 8 datura-tipped darts
 m - 12 poisoned darts
Armour
 c - the cursed +0 leather armour "Restrained Portent" (worn) {Melee, Fort}

   It has a curse which improves the following skills: Melee Combat: Short
   Blades, Long Blades, Axes, Maces & Flails, Polearms, Staves and Unarmed
   Combat.
   Fortitude: Armour and Shields.
Jewellery
 n - a ring of poison resistance
 o - an amulet of guardian spirit
Scrolls
 j - a scroll of summoning
 k - 5 scrolls of enchant armour
 l - a scroll of amnesia
Potions
 h - a potion of cancellation
 i - a potion of lignification


   Skills:
 - Level 3.0 Fighting
 + Level 6.4 Bows
 + Level 3.2(4.5) Armour
 - Level 3.0 Dodging
 - Level 1.0 Stealth


You had 4 spell levels left.
You didn't know any spells.
Your spell library contained the following spells:

 Spells                   Type           Power      Damage    Failure   Level
 Ozocubu's Armour         Ice            0%         N/A       83%         3
 Metabolic Englaciation   Hex/Ice        0%         N/A       100%        5
 Simulacrum               Ice/Necr       0%         N/A       100%        6


Dungeon Overview and Level Annotations

Branches:
Dungeon (4/15)
 Temple: D:4-7

Altars:
Ashenzari

Annotations:
D:4 Eustachio


Innate Abilities, Weirdness & Mutations

You have a pair of horns on your head.
You reflexively headbutt those who attack you in melee.


Message History

[Y]es or [N]o only, please.
Really attack while wielding the cursed +1 shortbow of the Ensconced Moon {Bglg, Comp}? [Y]es or [N]o only, please.
Really attack while wielding the cursed +1 shortbow of the Ensconced Moon {Bglg, Comp}? [Y]es or [N]o only, please.
Really attack while wielding the cursed +1 shortbow of the Ensconced Moon {Bglg, Comp}? [Y]es or [N]o only, please.
Really attack while wielding the cursed +1 shortbow of the Ensconced Moon {Bglg, Comp}? [Y]es or [N]o only, please.
Really attack while wielding the cursed +1 shortbow of the Ensconced Moon {Bglg, Comp}?
Okay, then.
Unknown command.
Really attack while wielding the cursed +1 shortbow of the Ensconced Moon {Bglg, Comp}?
You barely miss Eustachio.
Eustachio is moderately wounded.
Eustachio hits you with a +1 rapier of draining.
You feel drained. The iron imp completely misses you.
Eustachio hits you with a +1 rapier of draining.
You feel drained.
You miss Eustachio.
Eustachio is moderately wounded.
The iron imp barely misses you. You furiously retaliate!
You headbutt the iron imp. Eustachio barely misses you.
You furiously retaliate!
You headbutt Eustachio.
You clumsily bash Eustachio but do no damage.
You headbutt Eustachio, but do no damage.
Eustachio is moderately wounded.
Eustachio closely misses you. You furiously retaliate!
You headbutt Eustachio. The iron imp barely misses you.
Eustachio hits you with a +1 rapier of draining!
You feel drained.
* * * LOW HITPOINT WARNING * * *
You clumsily bash Eustachio but do no damage.
Eustachio is heavily wounded.
The iron imp hits you.
* * * LOW HITPOINT WARNING * * *
Eustachio hits you with a +1 rapier of draining.
* * * LOW HITPOINT WARNING * * *
You feel drained.
You die...

....†.....#*##.##.......*
, #.........+
,#..#(...... #.........#
,##.#(...... ,
#.........# *#.#(..o... ,
,,_ #.........# #.(#
###########* ##.# *
############ * #5#,, * ,
...#.......# #@#* * , *
...#.#####)#,* #@# * *
...#.#<..#.# #5# , ,
...#.###.#.#, *#.#** *
...#.....#.# ... , , , ,
...#######.# #.. *
#..........# ##.. ,
#.#....##### *.. ,,
#.#....# *... #.#....# ,
*


You could see Eustachio and 2 iron imps.

Vanquished Creatures
  2 hounds (D:4)
  An orc wizard (D:4)
  Robin (D:3)
  6 adders
  6 dart slugs
  3 orcs
  8 endoplasms
  A giant cockroach (D:3)
  8 hobgoblins
  7 kobolds
  2 quokkas
  7 ball pythons
  6 bats
  3 frilled lizards
  9 goblins
  2 rats
72 creatures vanquished.

Vanquished Creatures (others)
  7 fungi (D:3)
  5 toadstools (D:3)
12 creatures vanquished.

Grand Total: 84 creatures vanquished

Notes
Turn   | Place    | Note
-------+----------+-------------------------------------------
     0 | D:1      | miilacz the Minotaur Hunter began the quest for the Orb.
     0 | D:1      | Reached XP level 1. HP: 18/18 MP: 0/0
    77 | D:1      | Reached skill level 1 in Stealth
   107 | D:1      | Reached XP level 2. HP: 25/25 MP: 1/1
   479 | D:1      | Found a faded altar of an unknown god.
   482 | D:1      | Became a worshipper of Ashenzari the Shackled
   928 | D:2      | Reached XP level 3. HP: 31/31 MP: 2/2
  1060 | D:2      | Reached skill level 5 in Bows
  1436 | D:2      | Reached XP level 4. HP: 34/38 MP: 3/3
  1468 | D:2      | Reached * piety under Ashenzari
  1468 | D:2      | Reached ** piety under Ashenzari
  1899 | D:3      | Reached skill level 1 in Armour
  2127 | D:3      | Noticed Robin
  2135 | D:3      | Killed Robin
  2504 | D:4      | Reached skill level 6 in Bows
  2504 | D:4      | Reached XP level 5. HP: 45/45 MP: 4/4
  2822 | D:4      | Noticed Eustachio
  2991 | D:4      | HP: 1/37 [Eustachio (5)]
  2991 | D:4      | Slain by Eustachio

Illustrated notes

Levels and vault maps discovered:
D:1:      dpeg_arrival_windows_large_door, layout_loops_ring,
          basic_ecumenical_altar, st_stairs_10, grunt_decor_fettered,
          nrook_mini_backslash
D:2:      layout_basic
D:3:      layout_basic, minmay_gold_behind_fungi, uniq_robin
D:4:      layout_basic, mainiacjoe_overflow_24_doors,
          minmay_temple_entry_statues_fountains, uniq_eustachio

Skill      XL: |  1  2  3  4  5 |
---------------+----------------+-----
Stealth        | 1 |  1.0
Fighting       | 3 |  3.0
Dodging        | 3 |  3.0
Bows           | 5 6 |  6.4
Armour         | 2 3 |  3.2

Action                   |  1- 3 |  4- 6 || total
-------------------------+-------+-------++-------
Melee: Short sword       |    14 |       ||    14
       Headbutt          |     2 |     1 ||     3
       Shortbow          |       |     4 ||     4
 Fire: Shortbow          |    74 |   126 ||   200
Invok: Curse Item        |     1 |     1 ||     2
  Use: Scroll            |       |     1 ||     1
Armor: Leather armour    |     3 |     9 ||    12
Dodge: Dodged            |    15 |    21 ||    36
